 Dungeon Crawl Stone Soup version 0.30-a0-782-ge64f9170bb (webtiles) character file.

Game seed: 14156853506003814048

13533 BRD the Destroyer (level 12, -25/68 HPs)
             Began as a Tengu Fire Elementalist on Feb 18, 2023.
             Was a High Priest of Cheibriados.
             Annihilated by a reaper
             ... wielding a +1 scythe of freezing
              (28 damage)
             ... in an ice cave.
             The game lasted 00:42:41 (15888 turns).

BRD the Destroyer (Tengu Fire Elementalist)        Turns: 15888, Time: 00:42:42

Health: -25/68     AC:  7    Str: 23    XL:     12   Next: 7%
Magic:  11/26      EV: 19    Int: 33    God:    Cheibriados [*****.]
Gold:   492        SH:  0    Dex: 27    Spells: 20/30 levels left

rFire   . . .      SeeInvis .    N - staff of conjuration
rCold   + . .      Faith    .    (no shield)
rNeg    . . .      Spirit   .    f - +0 steam dragon scales
rPois   +          Reflect  .    (helmet restricted)
rElec   .          Harm     .    w - +0 cloak
rCorr   .          Rampage  .    A - +0 pair of gloves
Will    .....                    (boots unavailable)
Stlth   +++                      (no amulet)
HPRegen 0.31/turn                M - ring of Darkness {Wiz rPois}
MPRegen 0.20/turn                T - ring of protection from cold

@: flying quickly and evasively, invisible, very slow
A: beak, talons 3, nimble flight
a: Renounce Religion, Bend Time, Temporal Distortion, Slouch, Step From Time


You were in an ice cave.
You worshipped Cheibriados.
Cheibriados was extremely pleased with you.
You visited 2 branches of the dungeon, and saw 12 of its levels.
You also visited: Ossuary and Ice Cave.

You collected 1027 gold pieces.
You spent 535 gold pieces at shops.

Inventory:

Hand Weapons
 e - a +4 dagger
Missiles
 k - 10 javelins
 v - 38 poisoned darts
 P - a curare-tipped dart
Armour
 f - +0 steam dragon scales (worn)
 w - a +0 cloak (worn)
 A - a +0 pair of gloves (worn)
 W - a +2 tower shield of cold resistance
Magical Staves
 E - a staff of cold
 N - a staff of conjuration (weapon)
Jewellery
 d - a ring of willpower
 l - a ring of protection from fire
 B - a ring of protection from cold
 M - the ring of Darkness (left hand) {Wiz rPois}
   (You bought it in a shop on level 3 of the Dungeon)

   [ring of wizardry]

   It improves your spell success rate.
   rPois:     It protects you from poison.
 O - a +5 ring of evasion
 Q - a ring of see invisible
 S - a +4 ring of protection
 T - a ring of protection from cold (right hand)
Wands
 z - a wand of paralysis (14)
 F - a wand of iceblast (14)
 R - a wand of digging (3)
 X - a wand of flame (10)
Scrolls
 c - 3 scrolls of fear
 g - 6 scrolls of immolation
 p - 4 scrolls of vulnerability
 r - 3 scrolls of fog
 s - 2 scrolls of torment {unknown}
 t - 3 scrolls of amnesia
 u - 2 scrolls of poison {unknown}
 y - 3 scrolls of noise {unknown}
 C - 5 scrolls of teleportation
 D - 2 scrolls of magic mapping {unknown}
 G - 2 scrolls of blinking {unknown}
 J - 4 scrolls of enchant armour {unknown}
 K - a scroll of summoning {unknown}
 U - 2 scrolls of identify
Potions
 a - 4 potions of might
 b - a potion of magic
 h - a potion of cancellation {unknown}
 i - a potion of invisibility
 j - 2 potions of mutation
 m - 2 potions of brilliance {unknown}
 n - 6 potions of curing
 o - 2 potions of resistance {unknown}
 q - 3 potions of ambrosia {unknown}
 x - 4 potions of attraction {unknown}
 H - 2 potions of heal wounds {unknown}
 I - a potion of flight {unknown}
 L - 2 potions of berserk rage {unknown}
 V - a potion of lignification {unknown}


   Skills:
 - Level 5.0 Fighting
 - Level 5.0 Dodging
 - Level 4.0 Stealth
 + Level 9.5 Spellcasting
 + Level 13.2 Conjurations
 + Level 11.6 Fire Magic
 - Level 2.0 Evocations


You had 20 spell levels left.
You knew the following spells:

 Your Spells              Type           Power      Damage    Failure   Level
a - Foxfire               Conj/Fire      100%       2x1d9     0%          1
b - Scorch                Fire           100%       2d10      1%          2
c - Flame Wave            Conj/Fire      98%        2d20      1%          4
d - Mephitic Cloud        Conj/Pois/Air  61%        N/A       1%          3

Your spell library contained the following spells:

 Spells                   Type           Power      Damage    Failure   Level
 Magic Dart               Conj           100%       1d8       0%          1
 Sandblast                Erth           30%        2d9       1%          1
 Call Imp                 Summ           15%        N/A       1%          2
 Passwall                 Tmut/Erth      12%        N/A       1%          2
 Inner Flame              Hex/Fire       52%        N/A       1%          3
 Kindle Blastsparks       Fire/Tloc/Air  82%        2d16      1%          3
 Stone Arrow              Conj/Erth      100%       3d13      1%          3
 Portal Projectile        Hex/Tloc       30%        N/A       3%          3
 Tukima's Dance           Hex            15%        N/A       3%          3
 Cause Fear               Hex            7%         N/A       12%         4
 Blade Hands              Tmut           7%         N/A       32%         5
 Summon Forest            Summ/Tloc      7%         N/A       32%         5
 Summon Mana Viper        Hex/Summ       15%        N/A       32%         5
 Summon Cactus Giant      Summ           7%         N/A       86%         6
 Dragon Form              Tmut           7%         N/A       100%        7
 Dragon's Call            Summ           7%         N/A       100%        9


Dungeon Overview and Level Annotations

Branches:
Dungeon (11/15)            Temple (1/1) D:5            Lair (0/5) D:8
    Orc (0/2) D:10        Ossuary (visited)           IceCv (1/1)

Altars:
Ashenzari
Cheibriados
Dithmenos
Elyvilon
Fedhas
Gozag
Hepliaklqana
Kikubaaqudgha
Makhleb
Nemelex Xobeh
Okawaru
Qazlal
Ru
Sif Muna
Trog
Uskayaw
Vehumet
Wu Jian
Xom
Yredelemnul
Zin
The Shining One

Shops:
D:3 =   D:7 [   D:8 (   D:10 [


Innate Abilities, Weirdness & Mutations

You have a beak for a mouth.
You have claws for feet.
Your magical nature lets you fly swiftly and evasively.


Message History

The reaper shouts, "Death awaits you!"
The reaper hits you from afar with a +1 scythe of freezing!!!
Ouch! That really hurt!
The reaper freezes you.
A wave of flame ripples out!
The flame wave engulfs the reaper!!
The reaper is burned terribly!
The reaper is heavily wounded.
The reaper is no longer more vulnerable to fire.
The reaper hits you from afar with a +1 scythe of freezing!!
* * * LOW HITPOINT WARNING * * *
The reaper freezes you.
* * * LOW HITPOINT WARNING * * *
A wave of flame ripples out!
The flame wave engulfs the reaper!
The reaper is severely wounded.
The flame wave engulfs the spriggan simulacrum!!!
The spriggan simulacrum melts!
The spriggan simulacrum vaporises!
Cheibriados thoroughly appreciates the change of pace.
You hear a sizzling sound!
You finish channelling waves of flame.
An ufetubus comes into view.
The reaper hits you but does no damage.
Press: ? - help, v - describe, . - travel
Here: a reaper, wielding a +1 scythe of freezing (severely wounded)
The floor.
Casting: Flame Wave (safe; 1% risk of failure)
Confirm with . or Enter, or press ? or * to list all spells.
Flames lash the polar bear simulacrum but do no damage.
The reaper hits you from afar with a +1 scythe of freezing.
* * * LOW HITPOINT WARNING * * *
Okay, then.
Okay, then.
Casting: Scorch (safe; 1% risk of failure)
Confirm with . or Enter, or press ? or * to list all spells.
Casting: Flame Wave (safe; 1% risk of failure)
Press: ? - help, Dir - look around, f - activate You feel a surge of power!
A wave of flame ripples out! (Press . to intensify the flame waves.)
The reaper hits you from afar with a +1 scythe of freezing!!
You die... #..# ..Z# Z.Z ZZ#

5.
#2##
#..#
#.@##
##..#
##.#
#..#
#..#
#.##
#∩#
##.#
#≈.##


You could see a reaper, a wolf simulacrum (wandering, unable to see you), an
elephant simulacrum (wandering, unable to see you), 2 polar bear simulacra, a
troll simulacrum (wandering, unable to see you) and an ufetubus (wandering,
unable to see you).

Vanquished Creatures
  Josephine (D:10)
  2 two-headed ogres
  A boulder beetle (D:10)
  A manticore (D:11)
  Maggie (D:7)
  2 gargoyles (D:11)
  A freezing wraith (IceCv)
  A troll (D:9)
  2 hornets
  5 wraiths
  A basilisk (D:8)
  4 wyverns
  11 yaks (D:10)
  2 vampire mosquitoes (D:10)
  3 death yak simulacra (IceCv)
  A steam dragon (D:9)
  4 water moccasins
  An orc warrior (D:10)
  2 black bears (D:8)
  An ice beast (D:6)
  4 sky beasts
  2 wolves (D:8)
  An ogre (D:5)
  3 centaurs
  3 phantoms
  2 kobold brigands
  2 elf zombies (Ossuary)
  A gnoll sergeant (D:9)
  A necrophage (D:6)
  6 two-headed ogre simulacra
  3 scorpions
  2 cane toad simulacra (IceCv)
  7 wights
  A troll zombie (Ossuary)
  An elephant simulacrum (IceCv)
  3 electric eels
  2 howler monkeys
  3 centaur zombies (Ossuary)
  3 jellies
  3 gnoll boudas
  10 orc priests
  4 hounds
  7 orc wizards
  2 iguanas
  A polar bear simulacrum (IceCv)
  2 spriggan simulacra
  7 troll simulacra (IceCv)
  2 wolf simulacra (IceCv)
  An ogre zombie (Ossuary)
  7 mummies (Ossuary)
  10 adders
  18 gnolls
  5 naga simulacra
  6 white imps
  4 ufetubi
  4 adder zombies (Ossuary)
  3 worms
  3 dart slugs
  34 orcs
  8 bats
  11 endoplasms
  4 giant cockroaches
  11 goblins
  6 hobgoblins
  2 jackals
  6 quokkas
  7 ball pythons
  4 frilled lizards
  3 goblin zombies (Ossuary)
  A hobgoblin zombie (Ossuary)
  11 kobolds
  5 kobold zombies (Ossuary)
  2 orc zombies (Ossuary)
  5 quokka zombies (Ossuary)
  3 rats
  3 rat zombies (Ossuary)
322 creatures vanquished.

Vanquished Creatures (others)
  731 foxfires
  3 fungi (D:8)
  13 plants (D:8)
  4 toadstools (D:3)
751 creatures vanquished.

Grand Total: 1073 creatures vanquished

Notes
Turn   | Place    | Note
-------+----------+-------------------------------------------
     0 | D:1      | BRD the Tengu Fire Elementalist began the quest for the
                  | Orb.
     0 | D:1      | Reached XP level 1. HP: 10/10 MP: 4/4
   171 | D:1      | Reached XP level 2. HP: 15/15 MP: 0/6
   307 | D:1      | Learned a level 2 spell: Scorch
   333 | D:1      | Reached skill level 2 in Conjurations
   713 | D:1      | Reached XP level 3. HP: 19/19 MP: 4/7
  1592 | D:2      | Reached XP level 4. HP: 23/24 MP: 2/8
  1769 | D:2      | Reached skill level 3 in Conjurations
  2354 | D:3      | Found Qaneguw's Jewellery Shoppe.
  2391 | D:3      | Gained mutation: Your magical nature lets you fly swiftly
                  | and evasively. [Tengu growth]
  2391 | D:3      | Reached XP level 5. HP: 28/28 MP: 3/10
  3068 | D:3      | Found a blossoming altar of Fedhas.
  3353 | D:3      | Found a basalt altar of Yredelemnul.
  3636 | D:4      | Found a glowing silver altar of Zin.
  3636 | D:4      | Noticed an angel
  3860 | D:4      | Reached XP level 6. HP: 32/32 MP: 7/11
  3864 | D:4      | Reached skill level 4 in Conjurations
  4236 | D:5      | Entered Level 5 of the Dungeon
  4269 | D:5      | Reached skill level 5 in Fire Magic
  4341 | D:5      | Found a sparkling altar of Nemelex Xobeh.
  4352 | D:5      | Noticed a hornet
  4363 | D:5      | Killed a hornet
  4364 | D:5      | Reached skill level 5 in Conjurations
  4364 | D:5      | Reached XP level 7. HP: 28/36 MP: 1/14
  4458 | D:5      | Learned a level 4 spell: Flame Wave
  4479 | D:5      | Found a staircase to the Ecumenical Temple.
  4489 | Temple   | Entered the Ecumenical Temple
  4489 | Temple   | Found a transporter.
  4489 | Temple   | Found a transporter.
  4491 | Temple   | Found a transporter.
  4491 | Temple   | Found a transporter.
  4572 | Temple   | Became a worshipper of Cheibriados the Contemplative
  4897 | D:5      | Found a white marble altar of Elyvilon.
  4973 | D:5      | Reached skill level 6 in Conjurations
  5178 | D:5      | Reached XP level 8. HP: 41/41 MP: 10/15
  5949 | D:6      | Reached skill level 1 in Evocations
  6033 | D:6      | Reached skill level 5 in Spellcasting
  6198 | D:6      | Reached skill level 7 in Conjurations
  6391 | D:6      | Reached * piety under Cheibriados
  7252 | D:7      | Reached XP level 9. HP: 31/45 MP: 11/18
  7299 | D:7      | Noticed Maggie
  7326 | D:7      | Killed Maggie
  7327 | D:7      | Reached skill level 8 in Conjurations
  7516 | D:7      | Found a sand-covered staircase.
  7521 | Ossuary  | Entered an ossuary
  7637 | Ossuary  | Reached ** piety under Cheibriados
  8879 | D:3      | Bought the ring of Darkness {Wiz rPois} for 535 gold pieces
  8953 | D:7      | Found Avvytwiul's Armour Emporium.
  9468 | D:7      | Reached skill level 9 in Conjurations
 10182 | D:8      | Reached skill level 5 in Dodging
 10314 | D:8      | Reached XP level 10. HP: 50/50 MP: 13/21
 10317 | D:8      | Reached skill level 10 in Conjurations
 10437 | D:8      | Reached *** piety under Cheibriados
 11042 | D:8      | Reached **** piety under Cheibriados
 11207 | D:8      | Found a staircase to the Lair.
 11221 | D:8      | Reached skill level 1 in Fighting
 11245 | D:8      | Found Zizuirch's Hydra Hut.
 11246 | D:8      | Noticed a five-headed hydra
 11941 | D:8      | Learned a level 3 spell: Mephitic Cloud
 11967 | D:9      | Noticed a two-headed ogre
 11974 | D:9      | Killed a two-headed ogre
 11975 | D:9      | Reached skill level 11 in Conjurations
 12658 | D:9      | Reached skill level 10 in Fire Magic
 12915 | D:9      | Reached XP level 11. HP: 60/60 MP: 10/24
 13055 | D:10     | Entered Level 10 of the Dungeon
 13270 | D:10     | Found Tovifex's Armour Shop.
 13270 | D:10     | Found a staircase to the Orcish Mines.
 13466 | D:10     | Reached ***** piety under Cheibriados
 13568 | D:10     | Noticed a boulder beetle
 13582 | D:10     | Killed a boulder beetle
 13583 | D:10     | Reached skill level 12 in Conjurations
 14064 | D:10     | Noticed Josephine
 14080 | D:10     | Killed Josephine
 14081 | D:10     | Reached skill level 5 in Fighting
 14458 | D:11     | Noticed a manticore
 14465 | D:11     | Killed a manticore
 14585 | D:11     | Noticed a two-headed ogre
 14594 | D:11     | Killed a two-headed ogre
 14734 | D:11     | Found a frozen archway.
 14800 | IceCv    | Entered an ice cave
 15018 | IceCv    | Reached skill level 13 in Conjurations
 15211 | IceCv    | Reached XP level 12. HP: 36/68 MP: 11/26
 15879 | IceCv    | Noticed a reaper
 15887 | IceCv    | HP: 3/68 [reaper/+1 scythe of freezing (5)]
 15888 | IceCv    | Annihilated by a reaper

Illustrated notes

Levels and vault maps discovered:
D:1:      psy_arrival_spokes, layout_loops_ring, minivault_24
D:2:      layout_rooms, minmay_between
D:3:      layout_rooms, lemuel_tele_altar, mainiacjoe_overflow_six_doors_small,
          serial_shops, nicolae_shop_window_shopping, minmay_misc_feat_iff,
          minmay_gold_behind_fungi, kennysheep_potato
D:4:      layout_rooms, zin_angel
D:5:      wad_river_or_something, layout_basic, nemelex_dance_club_becter,
          mainiacjoe_overflow_alcove_1, minmay_temple_entry_slanted,
          kennysheep_generic_room_11
D:6:      layout_loops_ring
D:7:      layout_basic, enter_ossuary_2, serial_shops, nicolae_stop_n_shop_2,
          kennysheep_path_1, minivault_22, uniq_maggie
D:8:      layout_basic, minmay_lair_entry_grove, enter_bailey_3,
          minmay_misc_feat_plants, doesnt_shop_hydraphobe
D:9:      layout_cave_pods
D:10:     layout_irregular_city, orc_david_3, uniq_josephine
D:11:     layout_roguey, portal_ice_cave_entry_ice_simulacra
Temple:   hellmonk_temple_divided_pantheon
IceCv:    ice_cave_caverns_03

Skill      XL: |  1  2  3  4  5  6  7  8  9 10 11 |
---------------+----------------------------------+-----
Conjurations   | 2 3 5 6 7 9 11 13 | 13.2
Fire Magic     | 4 5 6 7 8 10 11 | 11.6
Stealth        | 3 4 |  4.0
Spellcasting   | 3 4 5 6 8 9 |  9.5
Evocations     | 2 |  2.0
Dodging        | 5 |  5.0
Fighting       | 3 5 |  5.0

Action                     |  1- 3 |  4- 6 |  7- 9 | 10-12 || total
---------------------------+-------+-------+-------+-------++-------
  Melee: Unarmed           |     5 |       |       |       ||     5
         Kick              |     4 |     4 |     9 |     3 ||    20
         Dagger            |     7 |    29 |    25 |       ||    61
         Peck              |     2 |     2 |     7 |       ||    11
         Punch             |       |       |     2 |       ||     2
         Staff             |       |       |     6 |     4 ||    10
  Throw: Dart              |       |       |    12 |    14 ||    26
         Javelin           |       |       |     3 |       ||     3
   Cast: Foxfire           |    42 |   109 |    85 |   196 ||   432
         Scorch            |    23 |    10 |   137 |   111 ||   281
         Flame Wave        |       |       |     2 |    16 ||    18
         Mephitic Cloud    |       |       |       |     1 ||     1
  Evoke: Wand              |       |     1 |     2 |     2 ||     5
    Use: Potion            |       |       |     1 |     2 ||     3
         Scroll            |       |       |     9 |     2 ||    11
   Stab: Sleeping          |     1 |     2 |     5 |     1 ||     9
         Paralysed         |       |     1 |       |       ||     1
 Armour: Robe              |     3 |     6 |     8 |       ||    17
         Steam dragon scal |       |       |    17 |    19 ||    36
  Dodge: Dodged            |    14 |    29 |    95 |    93 ||   231

Table legend: (Time is in decaauts)
 A = Elapsed time spent in this place.
 B = Non-inter-level travel time spent in this place.
 C = Inter-level travel time spent in this place.
 D = Time resting spent in this place.
 E = Time spent auto-exploring this place.
 F = Levels seen in this place.
 G = Mean time per level.
                   A        B        C        D        E       F      G
               +--------+--------+--------+--------+--------+-----+--------+
         Total |  18475 |  17187 |   1288 |   3557 |  10787 |  14 | 1319.6 |
       Dungeon |  15578 |  14310 |   1268 |   2160 |  10204 |  11 | 1416.2 |
        Temple |    194 |    175 |     19 |     89 |      5 |   1 |  194.0 |
       Ossuary |   1392 |   1392 |      0 |    738 |    310 |   1 | 1392.0 |
      Ice Cave |   1309 |   1309 |      0 |    570 |    267 |   1 | 1309.0 |
               +--------+--------+--------+--------+--------+-----+--------+

Top non-repeatable levels by time:
     D:7: 2498 daAuts
     D:8: 1844 daAuts
    D:10: 1836 daAuts
     D:5: 1793 daAuts
     D:9: 1524 daAuts
     D:6: 1408 daAuts
 Ossuary: 1392 daAuts
     D:1: 1374 daAuts
   IceCv: 1309 daAuts
     D:3: 1192 daAuts
     D:2: 936 daAuts
     D:4: 736 daAuts
    D:11: 433 daAuts
  Temple: 194 daAuts
